 Dungeon Crawl Stone Soup version 0.21-a0-380-gd65dc97 (webtiles) character file.

23 Ijustatesigmund the Sneak (level 2, -1/13 HPs)
             Began as a Spriggan Enchanter on Oct 17, 2017.
             Slain by a leopard gecko (3 damage)
             ... on level 2 of the Dungeon.
             The game lasted 00:02:19 (1316 turns).

Ijustatesigmund the Sneak (Spriggan Enchanter)      Turns: 1316, Time: 00:02:20

Health: -1/13      AC:  2    Str:  4    XL:     2   Next: 75%
Magic:  7/7        EV: 18    Int: 16    God:
Gold:   46         SH:  0    Dex: 16    Spells: 5/8 levels left

rFire    . . .     SeeInvis +   a - +2 dagger
rCold    . . .     Gourm    .   (shield restricted)
rNeg     . . .     Faith    .   b - +0 robe
rPois    .         Spirit   .   (helmet restricted)
rElec    .         Reflect  .   (no cloak)
rCorr    .         Harm     .   (gloves unavailable)
MR       .....     Rnd*Tele +   (boots unavailable)
Stlth    +++.......             (no amulet)
HPRegen  0.04/turn              g - ring of teleportation (curse)
MPRegen  0.10/turn              (no ring)

@: very quick
A: unfitting armour, see invisible, herbivore 3, speed 3, slow metabolism 2
a: no special abilities


You were on level 2 of the Dungeon.
You were not hungry.

You visited 1 branch of the dungeon, and saw 2 of its levels.

You collected 46 gold pieces.

Inventory:

Hand Weapons
 a - a +2 dagger (weapon)
 f - a +0 short sword of draining
Armour
 b - a +0 robe (worn)
Jewellery
 g - a cursed ring of teleportation (left hand)
Scrolls
 h - a scroll of identify {unknown}
Potions
 e - a potion of magic {unknown}
 i - 2 potions of mutation {unknown}
 j - a potion of invisibility {unknown}
 k - a potion of degeneration {unknown}
Books
 c - a book of Maledictions

   Spells                             Type                      Level
   a - Corona                         Hexes                        1
   b - Ensorcelled Hibernation        Hexes/Ice                    2
   c - Confuse                        Hexes                        3
   d - Tukima's Dance                 Hexes                        3
   e - Dazzling Spray                 Conjuration/Hexes            3
Comestibles
 d - 2 bread rations


   Skills:
 + Level 2.2 Short Blades
 - Level 3.0 Dodging
 - Level 4.4 Stealth
 + Level 3.5 Spellcasting
 - Level 3.6 Hexes


You had 5 spell levels left.
You knew the following spells:

 Your Spells              Type           Power        Failure   Level  Hunger
a - Corona                Hex            ##.....      4%          1    None
b - Ensorcelled Hibernat  Hex/Ice        #.....       13%         2    ##.....


Dungeon Overview and Level Annotations

Branches:
Dungeon (2/15)

Altars:
Wu Jian


Innate Abilities, Weirdness & Mutations

You are very small and have problems with some larger weapons.
You are too small for most types of armour.
You have supernaturally acute eyesight. (SInv)
You are a herbivore.
You cover ground extremely quickly.
You need consume almost no food.


Message History

The leopard gecko is heavily wounded.
The leopard gecko misses you.
You barely miss the leopard gecko.
The leopard gecko is heavily wounded.
The leopard gecko barely misses you.
You hit the leopard gecko.
The leopard gecko is severely wounded.
The leopard gecko misses you.
You closely miss the leopard gecko.
The leopard gecko is severely wounded.
The leopard gecko misses you.
You closely miss the leopard gecko.
The leopard gecko is severely wounded.
The leopard gecko bites you. x2
* * * LOW HITPOINT WARNING * * *
You are too injured to fight recklessly!
You closely miss the leopard gecko.
The leopard gecko is severely wounded.
The leopard gecko bites you.
You die...

####.###......####
#. #.# ##.........
#.# #.# #.....####
... #.# #...)##
#.##.# #.#.##
....# #.#... .###
#..# #.#####
.....#..####.#
........@l...#
(.####.######
##...## ##.#.#.##
##.##.##†#####.#
#.###..........#
##.#####.#######
##.###.## ##.#.##


You could see a leopard gecko.

Vanquished Creatures
  A dart slug (D:1)
  2 leopard geckos (D:1)
  3 hobgoblins
  3 bats
  A frilled lizard (D:1)
  4 goblins
  3 kobolds
  3 rats
20 creatures vanquished.

Notes
Turn   | Place    | Note
-------+----------+-------------------------------------------
     0 | D:1      | Ijustatesigmund the Spriggan Enchanter began the quest for the Orb.
     0 | D:1      | Reached XP level 1. HP: 9/9 MP: 5/5
   369 | D:1      | Reached XP level 2. HP: 12/13 MP: 7/7
   373 | D:1      | Learned a level 2 spell: Ensorcelled Hibernation
  1136 | D:2      | Found an ornate altar of the Wu Jian Council.
  1316 | D:2      | Slain by a leopard gecko

Vault maps used:
D:1:      eino_arrival_tree_alley
D:2:      old_standard_altar

Skill      XL: |  1  2 |
---------------+-------+-----
Spellcasting   | 3 |  3.5
Short Blades   | 2 |  2.2
Dodging        | |  3.0
Stealth        | |  4.4
Hexes          | |  3.6

Action                   || total
-------------------------++-------
Melee: Dagger            ||    80
  Use: Scroll            ||     4
 Stab: Sleeping          ||     6
Armor: Robe              ||     4
Dodge: Dodged            ||    57

Table legend:
 A = Spawn XP
 B = Non-spawn XP
 C = Spawn XP percentage of total XP
 D = Spawn monster count
 E = Non-spawn monster count
 F = Spawn count percentage of total count
 G = Total turns spent on level
                    A         B        C        D         E        F      G
               +---------+---------+-------+---------+---------+-------+---------
         Total |       0 |      34 |   0.0 |       0 |      20 |   0.0 |  1316
               +---------+---------+-------+---------+---------+-------+---------
           D:1 |       0 |      25 |   0.0 |       0 |      15 |   0.0 |  1130
           D:2 |       0 |       9 |   0.0 |       0 |       5 |   0.0 |   186
               +---------+---------+-------+---------+---------+-------+---------
